Map: Ultralove

Players

Fjant - Winner!

  • Race: Zerg Zerg
  • League: Grandmaster
  • Spawn Location: 1:00

OpTiMiStC

  • Race: Protoss Protoss
  • League: Master
  • Spawn Location: 7:00

Event: HomeStory Cup XXVII

VOD

Have the link to the VOD?

Description

Time

  • Played on: June 27, 2025, 9:19 a.m.
  • Length: 8:08

All games in this series

Show
View Real Time Build Order
Export as new Build Order

Fjant Zerg - Winner!

Build Orders: Hatch First 

Get SALT Encoding   

  12  0:00  Drone  
  13  0:07  Drone  
  14  0:14  Drone, Extractor  
  14  0:21  Overlord  
  15  0:41  Drone  
  16  0:45  Hatchery  
  16  0:48  Drone  
  16  0:52  Drone  
  16  0:55  Drone  
  18  1:06  Extractor  
  17  1:11  Spawning Pool  
  17  1:14  Drone  
  17  1:17  Drone  
  18  1:27  Drone  
  19  1:41  Drone  
  20  1:53  Drone  
  21  1:58  Zergling x2, Queen x2  
  21  2:00  Overlord  
  26  2:09  Drone  
  26  2:10  Drone  
  26  2:12  Metabolic Boost  
  28  2:19  Drone  
  29  2:24  Drone  
  30  2:34  Hatchery  
  29  2:37  Drone x2  
  29  2:42  Drone  
  29  2:43  Overlord  
  32  2:53  Zergling x4  
  32  2:56  Queen  
  36  3:01  Drone  
  36  3:04  Queen  
  38  3:09  Drone  
  39  3:13  Drone x2  
  39  3:14  Overlord  
  39  3:15  Zergling x2  
  39  3:17  Zergling x2  
  43  3:23  Overlord  
  43  3:26  Zergling x2  
  44  3:34  Queen  
  44  3:35  Drone  
  44  3:39  Drone  
  48  3:45  Drone x2  
  48  3:46  Drone  
  48  3:48  Drone x3  
  53  3:50  Drone x2  
  53  3:55  Drone  
  57  4:01  Spore Crawler  
  57  4:02  Spore Crawler  
  55  4:03  Drone  
  55  4:06  Drone x2  
  55  4:09  Drone, Overlord  
  59  4:12  Overlord  
  59  4:15  Drone x3  
  59  4:17  Overlord  
  62  4:21  Roach Warren  
  59  4:26  Drone x4  
  62  4:34  Lair  
  62  4:35  Drone x2  
  63  4:39  Drone  
  63  4:40  Drone  
  63  4:41  Drone  
  66  4:50  Drone x4  
  66  4:52  Drone, Hatchery  
  70  4:54  Extractor  
  70  4:58  Zergling x10  
  73  5:01  Drone x2  
  73  5:03  Spore Crawler  
  73  5:05  Drone x2  
  75  5:07  Drone  
  75  5:09  Extractor  
  75  5:18  Zergling x8  
  75  5:19  Zergling x4  
  81  5:25  Drone x2  
  83  5:30  Overlord  
  83  5:31  Glial Reconstitution  
  83  5:32  Overlord  
  83  5:33  Roach x3  
  83  5:35  Overlord  
  89  5:39  Overlord  
  89  5:41  Overlord  
  89  5:46  Overlord  
  89  5:50  Extractor  
  89  5:52  Roach x4  
  89  5:53  Pneumatized Carapace  
  96  5:57  Zergling x10  
  96  6:01  Zergling x2  
  102  6:04  Overlord  
  101  6:12  Zergling x6  
  101  6:17  Ravager x2  
  108  6:18  Zergling x10, Queen  
  108  6:19  Queen  
  108  6:21  Zergling x8  
  119  6:26  Ravager x2  
  119  6:29  Zergling x10  
  125  6:33  Zergling x2  
  125  6:36  Ravager  
  125  6:37  Zergling x4, Queen x2  
  131  6:41  Zergling x4  
  131  6:44  Zergling x6  
  129  6:49  Zergling x6  
  129  6:53  Zergling x8  
  125  6:56  Zergling x2  
  125  6:58  Roach  
  119  7:02  Queen  
  119  7:03  Roach  
  119  7:04  Evolution Chamber, Roach  
  116  7:10  Roach x5  
  116  7:12  Roach  
  117  7:17  Roach  
  117  7:19  Roach x2  
  117  7:24  Roach  
  117  7:25  Roach  
  117  7:31  Roach x2  
  117  7:34  Roach  
  117  7:36  Roach x4  
  121  7:38  Zergling x4  
  121  7:41  Zergling x4  
  121  7:42  Ravager x2  
  123  7:46  Zergling x4  
  123  7:48  Zergling x2  
Show
View Real Time Build Order
Export as new Build Order

OpTiMiStC Protoss 

Build Orders: 1 Gate Expand, Oracle Opening 

Get SALT Encoding   

  12  0:00  Probe  
  13  0:12  Probe  
  14  0:19  Pylon  
  14  0:23  Probe  
  15  0:33  Probe  
  15  0:41  Gateway  
  15  0:42  Probe  
  16  0:46  Assimilator  
  17  0:54  Probe  
  18  1:06  Probe  
  19  1:18  Probe  
  20  1:24  Nexus  
  20  1:33  Cybernetics Core  
  20  1:37  Probe  
  21  1:43  Assimilator  
  21  1:50  Probe  
  21  1:52  Pylon  
  22  2:00  Adept  
  22  2:02  Probe  
  23  2:14  Probe  
  23  2:15  Stargate  
  26  2:24  Warp Gate  
  26  2:26  Probe  
  27  2:30  Adept  
  29  2:37  Probe  
  29  2:38  Probe  
  31  2:45  Probe  
  31  2:50  Probe  
  33  2:54  Probe  
  34  2:59  Oracle  
  34  3:02  Probe  
  35  3:08  Probe  
  39  3:14  Probe  
  39  3:17  Adept  
  42  3:21  Probe  
  42  3:26  Probe  
  44  3:28  Pylon  
  45  3:37  Nexus  
  45  3:39  Oracle  
  45  3:41  Probe  
  45  3:46  Gateway  
  45  3:51  Probe  
  49  3:58  Probe  
  50  4:04  Probe  
  50  4:07  Twilight Council  
  50  4:08  Forge  
  51  4:10  Probe  
  51  4:13  Pylon  
  51  4:16  Probe  
  53  4:20  Blink  
  53  4:27  Probe  
  53  4:28  Protoss Ground Weapons Level 1  
  53  4:30  Pylon  
  54  4:31  Probe  
  54  4:33  Assimilator  
  54  4:34  Adept  
  54  4:35  Assimilator  
  53  4:41  Probe  
  53  4:43  Probe  
  55  4:45  Adept  
  57  4:53  Probe  
  57  4:55  Probe  
  57  4:59  Adept  
  61  5:02  Probe  
  61  5:05  Probe  
  61  5:06  Probe  
  61  5:10  Gateway, Stalker  
  61  5:11  Gateway  
  64  5:14  Probe x2  
  64  5:15  Shield Battery  
  64  5:17  Probe  
  67  5:22  Gateway  
  67  5:23  Probe  
  67  5:24  Gateway  
  67  5:27  Probe  
  65  5:30  Probe  
  65  5:35  Probe  
  67  5:37  Stalker x2  
  71  5:43  Probe  
  71  5:45  Pylon  
  71  5:46  Pylon  
  72  5:51  Probe x2  
  72  5:53  Assimilator  
  72  5:55  Probe, Templar Archives  
  75  5:59  Pylon  
  75  6:00  Assimilator  
  75  6:03  Probe  
  76  6:10  Stalker x4  
  83  6:14  Probe x2  
  85  6:25  Photon Cannon  
  85  6:26  Stalker x2  
  85  6:30  Pylon  
  91  6:32  Pylon  
  91  6:33  Pylon  
  91  6:37  Stalker x2  
  93  6:41  Stalker x2  
  83  6:55  Stalker x2  
  83  7:01  Probe  
  71  7:03  Stalker x2  
  71  7:04  Stalker x2  
  71  7:05  Probe  
  71  7:07  Probe  
  77  7:13  Probe  
  73  7:17  Probe  
  73  7:19  Probe  
  73  7:22  Stalker x2  
  70  7:25  Probe  
  70  7:26  Stalker x2  
  70  7:29  Probe  
  69  7:37  Probe  
  69  7:44  Stalker x2  
  69  7:46  Stalker  
  69  7:59  Stalker x2  
  69  8:00  Stalker  
Tags
 
Add a new tag
Caveats
  • Supply blocks, unpowered buildings, or Contaminate may cause inaccurate times.
  • Supply counts are checked every 10 seconds.